 Dungeon Crawl Stone Soup version 0.31.0 (webtiles) character file.

Game seed: 6791849962145698480

3440 Megalobster the Cleaver (level 9, -2/64 (68) HPs)
             Began as a Minotaur Gladiator on Jan 19, 2024.
             Was a Priest of Okawaru.
             Slain by a wight
             ... wielding a +5 great sword
              (15 damage)
             ... on level 7 of the Dungeon.
             The game lasted 00:26:28 (7959 turns).

Megalobster the Cleaver (Minotaur Gladiator)        Turns: 7959, Time: 00:26:28

HP:   -2/64 (68)    AC: 11    Str: 24    XL:     9   Next: 77%
MP:   8/8           EV: 12    Int:  5    God:    Okawaru [***...]
Gold: 456           SH:  0    Dex: 11    Spells: 8/8 levels left

rFire   . . .        a - +0 war axe
rCold   . . .        (no shield)
rNeg    . . .        v - +0 swamp dragon scales
rPois   +            R - +1 hat
rElec   .            (no cloak)
rCorr   .            D - +0 pair of gloves
SInv    +            (no boots)
Will    +....        (no amulet)
Stlth   +            P - ring of see invisible
HPRegen 0.30/turn    C - ring of willpower
MPRegen 0.11/turn

%: no passive effects
@: drained
A: horns 2, retaliatory headbutt
a: Renounce Religion, Heroism


You were on level 7 of the Dungeon.
You worshipped Okawaru.
Okawaru was most pleased with you.
You visited 2 branches of the dungeon, and saw 9 of its levels.

You collected 456 gold pieces.

Inventory:

Hand Weapons
 a - a +0 war axe (weapon)
 f - a +0 orcbow
 k - a +2 rapier of electrocution
 U - a +3 morningstar
Missiles
 d - 3 throwing nets {!f}
 e - 7 javelins (quivered)
 l - 5 boomerangs
 L - 8 stones
Armour
 b - a +0 leather armour
 c - a +0 hat
 i - a +0 chain mail
 j - a +0 scale mail
 v - +0 swamp dragon scales (worn)
 D - a +0 pair of gloves (worn)
 M - a +0 plate armour
 R - a +1 hat (worn)
Jewellery
 q - the ring "Ofuita" {Fire rN+ Int+3 Dex+5 Stlth-}
   (You found it on level 2 of the Dungeon)

   [ring of fire]

   Fire:      It enhances your fire magic.
   Int+3:     It affects your intelligence (+3).
   Dex+5:     It affects your dexterity (+5).
   rF+:       It protects you from fire.
   rC-:       It makes you vulnerable to cold.
   rN+:       It protects you from negative energy.
   Stlth-:    It makes you less stealthy.
 t - a +6 ring of intelligence
 x - a ring of protection from fire
 C - a ring of willpower (right hand)
 J - a ring of positive energy
 P - a ring of see invisible (left hand)
Talismans
 E - a maw talisman
 K - a blade talisman
 S - a serpent talisman
Wands
 w - a wand of paralysis (8)
 F - a wand of roots (14)
 Q - a wand of mindburst (5)
Scrolls
 h - a scroll of teleportation {unknown}
 p - a scroll of silence
 r - 2 scrolls of enchant weapon
 u - a scroll of fog {unknown}
 y - a scroll of revelation {unknown}
 A - a scroll of amnesia {unknown}
 B - a scroll of noise {unknown}
 H - a scroll of blinking
 I - 2 scrolls of poison {unknown}
 N - a scroll of immolation {unknown}
 T - a scroll of enchant armour {unknown}
Potions
 g - 3 potions of attraction
 m - a potion of invisibility {unknown}
 n - a potion of heal wounds {unknown}
 s - 2 potions of curing {unknown}
 z - a potion of might {unknown}
 G - a potion of haste {unknown}
 O - a potion of degeneration {unknown}
 V - a potion of mutation {unknown}


   Skills:
 - Level 2.4 Fighting
 * Level 13.0 Axes
 + Level 7.4 Throwing
 - Level 6.6 Armour
 - Level 3.2 Dodging


You had 8 spell levels left.
You didn't know any spells.
Your spell library contained the following spells:

 Spells                   Type           Power      Damage    Failure   Level
 Freeze                   Ice            0%         1d3       61%         1
 Magic Dart               Conj           0%         1d3       61%         1
 Blink                    Tloc           0%         N/A       75%         2
 Cigotuvi's Dreadful Rot  Necr/Alch/Air  0%         N/A       75%         2
 Lesser Beckoning         Tloc           0%         N/A       75%         2
 Momentum Strike          Conj/Tloc      0%         3d8       75%         2
 Frozen Ramparts          Ice            0%         1d1       93%         3
 Hailstorm                Conj/Ice       0%         3d5       93%         3
 Ozocubu's Armour         Ice            0%         N/A       93%         3
 Stone Arrow              Conj/Erth      0%         3d7       93%         3
 Dimensional Bullseye     Hex/Tloc       0%         N/A       100%        4
 Ignite Poison            Fire/Alch      0%         N/A       100%        4
 Iskenderun's Mystic Bla  Conj/Tloc      0%         2d3       100%        4
 Freezing Cloud           Conj/Ice/Air   0%         6-21      100%        5
 Metabolic Englaciation   Hex/Ice        0%         N/A       100%        5
 Lehudib's Crystal Spear  Conj/Erth      0%         10d2      100%        8
 Call Imp                 Summ           Unusable   N/A       N/A         2
 Tukima's Dance           Hex            Unusable   N/A       N/A         3
 Animate Armour           Summ/Erth      Unusable   N/A       N/A         4
 Sculpt Simulacrum        Ice/Alch       Unusable   N/A       N/A         6

Dungeon Overview and Level Annotations

Branches:
Dungeon (8/15)             Temple (1/1) D:6
   Lair: D:8-11

Altars:
Ashenzari
Cheibriados
Dithmenos
Gozag
Hepliaklqana
Kikubaaqudgha
Nemelex Xobeh
Okawaru
Qazlal
Ru
Sif Muna
Trog
Uskayaw
Vehumet
Xom
Yredelemnul
Zin
The Shining One

Shops:
D:7 :

Annotations:
D:6 3 runed translucent doors, Millikuen's ghost, novice SpWr; diceflayer's ghost, amateur DsFi; raph's ghost, novice DEFE


Innate Abilities, Weirdness & Mutations

You have a pair of horns on your head.
You reflexively headbutt those who attack you in melee.


Message History

There is a stone staircase leading up here.
You slash the wight!
The wight is severely damaged.
You closely miss the wight. You hit the wight.
You hit the wight but do no damage. The wight misses you.
The wight hits you but does no damage.
The wight hits you with a +5 great sword!
The wight hits you but does no damage.
The wight hits you from afar with a +4 halberd of freezing!
You feel drained. The wight freezes you.
You barely miss the wight.
The wight is severely damaged.
You barely miss the wight. x3; The wight barely misses you.
The wight hits you with a +3 short sword.
The wight misses you. You furiously retaliate!
You headbutt the wight! The wight misses you. The wight closely misses you.
You furiously retaliate!
You headbutt the wight. You hit the wight but do no damage.
The wight is severely damaged.
You hit the wight. You closely miss the wight.
You hit the wight but do no damage.
The wight hits you from afar with a +4 halberd of freezing.
You feel drained. The wight freezes you. The wight hits you but does no damage.
The wight closely misses you.
The wight hits you with a +5 great sword.
The wight hits you with a +0 battleaxe!
* * * LOW HITPOINT WARNING * * *
The wight hits you from afar with a +4 halberd of freezing.
* * * LOW HITPOINT WARNING * * *
The wight freezes you.
* * * LOW HITPOINT WARNING * * *
The wight hits you but does no damage. x2; The wight completely misses you.
The wight barely misses you.
You climb upwards.
There is a stone staircase leading down here.
You closely miss the wight.
The wight is lightly damaged.
You hit the wight but do no damage. You barely miss the wight. x2
The wight hits you with a +5 great sword!
You die...

.).....##.##.....##########.###.#
##..........................# #.#
##.......##.......########..# #.#
.........####.....##.#⌠8⌠#..# #.#
.........#......#.#..'...#..# #.#
................#.####...#..# #..
..............###.#..'...#..#####
.....#........#z.z#88#...#......#
.....#.........z@.#####'##.####.#
.....#.........z...........# ###
.............>........#....#
.##....###....###.#.#.#....######
.##...........+..................
.#####.#.#....###..............##
.................................
.........########................
.........# #.#...........<..#


You could see 4 wights.

Vanquished Creatures
  Joseph (D:7)
  Maggie (D:6)
  Prince Ribbit (D:5)
  Eustachio (D:4)
  An acid dragon (D:8)
  3 water moccasins
  An ice beast (D:6)
  An orc warrior (D:6)
  A black bear (D:6)
  2 ogres
  2 phantoms
  2 bullfrogs (D:7)
  2 scorpions
  9 wights
  2 howler monkeys
  3 jellies
  2 orc priests (D:8)
  A gnoll bouda (D:6)
  2 hounds (D:7)
  6 sleepcaps
  3 iguanas
  4 orc wizards
  4 adders
  2 dart slugs
  A ribbon worm (D:3)
  15 orcs
  7 ball pythons
  10 endoplasms
  4 giant cockroaches
  8 goblins
  9 hobgoblins
  3 jackals (D:3)
  5 kobolds
  6 quokkas
  6 bats
  2 frilled lizards (D:1)
  6 rats
139 creatures vanquished.

Notes
Turn   | Place    | Note
-------+----------+-------------------------------------------
     0 | D:1      | Megalobster the Minotaur Gladiator began the quest for the
                  | Orb.
     0 | D:1      | Reached XP level 1. HP: 18/18 MP: 0/0
    37 | D:1      | Reached skill level 4 in Axes
   118 | D:1      | Reached XP level 2. HP: 22/25 MP: 1/1
   650 | D:1      | Reached skill level 5 in Axes
   907 | D:1      | Reached XP level 3. HP: 29/30 MP: 2/2
  1614 | D:2      | Reached skill level 1 in Armour
  1720 | D:2      | Identified the ring "Ofuita" {Fire rN+ Int+3 Dex+5 Stlth-}
  1857 | D:2      | Found a shimmering blue altar of Sif Muna.
  2448 | D:3      | Reached XP level 4. HP: 30/37 MP: 3/3
  2494 | D:3      | Found a shadowy altar of Dithmenos.
  2926 | D:3      | Found an ancient bone altar of Kikubaaqudgha.
  3136 | D:4      | Noticed Eustachio
  3151 | D:4      | Killed Eustachio
  3152 | D:4      | Reached skill level 6 in Axes
  3152 | D:4      | Reached XP level 5. HP: 42/42 MP: 4/4
  3328 | D:4      | Reached skill level 7 in Axes
  3328 | D:4      | Reached XP level 6. HP: 44/50 MP: 5/5
  4110 | D:5      | Entered Level 5 of the Dungeon
  4198 | D:5      | Reached XP level 7. HP: 35/56 MP: 6/6
  4396 | D:5      | Reached skill level 8 in Axes
  5015 | D:6      | Found a staircase to the Ecumenical Temple.
  5033 | Temple   | Entered the Ecumenical Temple
  5071 | Temple   | Became a worshipper of Warmaster Okawaru
  5094 | D:6      | Found a shimmering blue altar of Sif Muna.
  5094 | D:6      | Noticed Maggie
  5114 | D:6      | Killed Maggie
  5114 | D:6      | Reached * piety under Okawaru
  5115 | D:6      | Reached skill level 9 in Axes
  5115 | D:6      | Reached skill level 5 in Throwing
  5115 | D:6      | Reached skill level 5 in Armour
  5115 | D:6      | Reached XP level 8. HP: 41/62 MP: 7/7
  5420 | D:6      | Reached skill level 10 in Axes
  5592 | D:6      | Found a runed translucent gate.
  5592 | D:6      | Found a runed translucent gate.
  5592 | D:6      | Found a runed translucent gate.
  5593 | D:6      | Noticed diceflayer's ghost (amateur DsFi)
  5593 | D:6      | Noticed raph's ghost (novice DEFE)
  5594 | D:6      | Noticed Millikuen's ghost (novice SpWr)
  5595 | D:6      | Noticed Prince Ribbit
  5786 | D:5      | Killed Prince Ribbit
  5786 | D:5      | Reached ** piety under Okawaru
  6097 | D:6      | Found a hide-covered altar of Uskayaw.
  6114 | D:6      | Found a broken altar of Ashenzari.
  6174 | D:6      | Found a sparkling altar of Nemelex Xobeh.
  6552 | D:7      | Reached XP level 9. HP: 68/68 MP: 8/8
  6578 | D:7      | Reached skill level 11 in Axes
  6612 | D:7      | Noticed Joseph
  6628 | D:7      | Killed Joseph
  6629 | D:7      | Reached skill level 12 in Axes
  6907 | D:7      | Found Yrrat's Book Shop.
  7350 | D:8      | Reached *** piety under Okawaru
  7626 | D:8      | Reached skill level 13 in Axes
  7640 | D:8      | HP: 3/68 [yak (14)]
  7959 | D:7      | Slain by a wight

Illustrated notes

Levels and vault maps discovered:
D:1:      sevenhm_arrival_forest_fort_large_2, layout_basic, serial_curves,
          eino_curves_02, eino_curves_02, amcnicky_mini_pool_small,
          wad_floor_pattern_untrapped, minmay_pentomino_v2
D:2:      layout_basic, basic_altar, minmay_ruptured
D:3:      layout_basic, marbit_many_paths, mainiacjoe_overflow_boulevard
D:4:      layout_basic, uniq_eustachio
D:5:      layout_loops_ring, kennysheep_cluttered_room
D:6:      layout_cave_pools, amcnicky_altar_gilded,
          nicolae_overflow_hidden_temple, minmay_temple_entry_stoned_glass,
          gammafunk_ghost_cemetery, hellmonk_no_cap, uniq_prince_ribbit1,
          uniq_maggie
D:7:      dreamdust_elfheim, layout_basic, serial_shops, shop,
          minmay_checkerbox, uniq_joseph
D:8:      layout_basic, due_lair_maze_entry_diamond, moated_statue,
          eino_small_chamber_without_monster
Temple:   nicolae_temple_no_exploring_needed

Skill      XL: |  1  2  3  4  5  6  7  8  9 |
---------------+----------------------------+-----
Axes           | 4 5 6 7 9 10 13 | 13.0
Armour         | 1 2 3 5 6 |  6.6
Throwing       | 3 5 6 7 |  7.4
Fighting       | |  2.4
Dodging        | |  3.2

Action                     |  1- 3 |  4- 6 |  7- 9 || total
---------------------------+-------+-------+-------++-------
  Melee: War axe           |    73 |    83 |   233 ||   389
         Headbutt          |    11 |    11 |    47 ||    69
         Punch             |       |     3 |     5 ||     8
  Throw: Boomerang         |    14 |    13 |       ||    27
         Stone             |       |       |     6 ||     6
         Javelin           |       |       |     6 ||     6
    Use: Scroll            |       |     3 |     4 ||     7
         Potion            |       |     1 |     2 ||     3
 Armour: Leather armour    |    21 |       |       ||    21
         Scale mail        |    19 |    56 |    15 ||    90
         Chain mail        |       |       |    19 ||    19
         Swamp dragon scal |       |       |   117 ||   117
  Dodge: Dodged            |    42 |    42 |   105 ||   189
